 Dungeon Crawl Stone Soup version 0.26.0-16-gc1dbca0489 (webtiles) character file.

Game seed: 14153776807218020450

632 thiole the Sneak (level 7, -1/45 HPs)
             Began as an Octopode Hedge Wizard on Jan 20, 2021.
             Shot with an arrow by a centaur (16 damage)
             ... on level 5 of the Dungeon.
             The game lasted 00:09:50 (5892 turns).

thiole the Sneak (Octopode Hedge Wizard)            Turns: 5892, Time: 00:09:51

Health: -1/45      AC:  1    Str: 10    XL:     7   Next: 49%
Magic:  8/13       EV: 13    Int: 18    God:
Gold:   274        SH:  0    Dex: 11    Spells: 10/14 levels left

rFire    . . .     SeeInvis .   s - +3 dagger (protect)
rCold    . . .     Faith    .   (no shield)
rNeg     . . .     Spirit   .   b - +0 hat
rPois    +         Reflect  .   (no amulet)
rElec    .         Harm     .   f - ring of poison resistance
rCorr    .         Rampage  .   (no ring)
Will     .....                  (no ring)
Stlth    ++++......             (no ring)
HPRegen  0.15/turn              (no ring)
MPRegen  0.13/turn              (no ring)
                                (no ring)
                                (no ring)

@: marked
A: almost no armour, stealthy swim, amphibious, 8 rings, constrict 8, camouflage
1, gelatinous body 1
a: no special abilities


You were on level 5 of the Dungeon.
You visited 1 branch of the dungeon, and saw 5 of its levels.

You collected 274 gold pieces.

Inventory:

Hand Weapons
 a - a +0 dagger
 s - a +3 dagger of protection (weapon)
Armour
 b - a +0 hat (worn)
Jewellery
 f - a ring of poison resistance (left tentacle)
Wands
 q - a wand of disintegration (20)
Scrolls
 c - 4 scrolls of teleportation {unknown}
 g - a scroll of fear
 l - a scroll of remove curse {unknown}
 m - a scroll of blinking {unknown}
 n - 2 scrolls of identify
 t - a scroll of immolation {unknown}
 v - a scroll of fog {unknown}
 w - a scroll of magic mapping {unknown}
Potions
 d - 2 potions of lignification
 e - 4 potions of might
 h - 2 potions of curing
 i - a potion of haste
 j - 2 potions of attraction {unknown}
 k - a potion of heal wounds
 o - a potion of resistance
 p - 3 potions of brilliance {unknown}
 r - 3 potions of degeneration {unknown}
 u - 2 potions of magic {unknown}


   Skills:
 + Level 2.0 Fighting
 - Level 2.0 Dodging
 * Level 7.5 Stealth
 + Level 4.3 Spellcasting
 - Level 2.0 Conjurations
 - Level 2.0 Summonings
 - Level 1.0 Translocations
 * Level 3.2 Air Magic


You had 10 spell levels left.
You knew the following spells:

 Your Spells              Type           Power        Failure   Level
a - Magic Dart            Conj           44%          6%          1
b - Mephitic Cloud        Conj/Pois/Air  10%          21%         3

Your spell library contained the following spells:

 Spells                   Type           Power        Failure   Level
 Call Imp                 Summ           11%          10%         2
 Blink                    Tloc           N/A          14%         2
 Slow                     Hex            3%           22%         2
 Conjure Flame            Conj/Fire      7%           28%         3


Dungeon Overview and Level Annotations

Branches:
Dungeon (5/15)
 Temple: D:4-7

Altars:
Fedhas
Qazlal
Yredelemnul
Zin

Shops:
D:4 !   D:5 :


Innate Abilities, Weirdness & Mutations

You cannot wear most types of armour.
You are very stealthy in the water. (Stealth+)
You are amphibious.
You can wear up to eight rings at the same time.
You can use your tentacles to constrict eight enemies at once.
Your skin changes colour to match your surroundings (Stealth+).
Your rubbery body absorbs attacks. (AC +1, EV +1)


Message History

The magic dart hits the orc priest but does no damage.
The orc priest is lightly wounded.
A centaur comes into view.
The magic dart hits the orc priest but does no damage.
The orc priest is lightly wounded.
The centaur wields a +0 shortbow.
The centaur shoots an arrow.
The arrow hits you.
You barely miss the orc priest. Your grab misses the orc priest.
The orc priest is lightly wounded.
The centaur shoots an arrow.
The arrow hits you!
The orc priest invokes the aid of Beogh against you.
You struggle to resist.
Your magical contamination has completely faded away.
You barely miss the orc priest. You grab the orc priest.
The orc priest is lightly wounded.
You constrict the orc priest, but do no damage.
The centaur shoots an arrow.
The arrow hits you! The orc priest hits you with a +0 club.
The centaur shoots an arrow.
The arrow hits you!
You die...

##. ... ... ... ...
....# .#. #. .# ..c#
...###.#.####.##########
..... ..................
.#..###.##......).......
...†.##.# #.# #@.#
........####8####o##
.##.#...........#..###
###.##)#).8.∩.8....S.#
.......†..##<#####....#
##...###(.##8# #.#.#
##.. #).##.# Z..# ##..
#.).#.# #..# ##<.#..
..Z#


You could see a centaur, an orc priest, an adder and a quokka skeleton.

Vanquished Creatures
  A centaur (D:5)
  A scorpion (D:4)
  A bullfrog zombie (D:5)
  2 orc priests
  A hound (D:5)
  3 orc wizards
  Ijyb (D:3)
  An iguana (D:5)
  2 worker ants (D:4)
  2 adders
  3 gnolls (D:4)
  A shadow imp (D:4)
  A white imp (D:5)
  3 worms
  2 dart slugs
  2 leopard geckos
  20 orcs
  6 giant cockroaches
  12 hobgoblins
  6 jackals
  2 quokkas (D:4)
  10 bats
  5 frilled lizards
  13 goblins
  9 kobolds
  8 rats
118 creatures vanquished.

Vanquished Creatures (others)
  2 fungi (D:2)
  2 plants (D:2)
4 creatures vanquished.

Grand Total: 122 creatures vanquished

Notes
Turn   | Place    | Note
-------+----------+-------------------------------------------
     0 | D:1      | thiole the Octopode Hedge Wizard began the quest for the
                  | Orb.
     0 | D:1      | Reached XP level 1. HP: 11/11 MP: 4/4
   109 | D:1      | Reached skill level 3 in Stealth
   366 | D:1      | Reached XP level 2. HP: 17/17 MP: 3/6
   881 | D:1      | Reached XP level 3. HP: 21/21 MP: 4/7
  1555 | D:2      | Found a stormy altar of Qazlal.
  1564 | D:2      | Reached skill level 4 in Stealth
  1712 | D:2      | Reached XP level 4. HP: 26/27 MP: 6/9
  1775 | D:2      | Found a blossoming altar of Fedhas.
  2408 | D:2      | Found a glowing silver altar of Zin.
  2408 | D:2      | Noticed an angel
  2634 | D:3      | Reached skill level 5 in Stealth
  2815 | D:3      | Reached XP level 5. HP: 19/31 MP: 6/10
  3618 | D:3      | Learned a level 3 spell: Mephitic Cloud
  3633 | D:3      | Noticed Ijyb
  3664 | D:3      | Killed Ijyb
  4127 | D:4      | Found a basalt altar of Yredelemnul.
  4162 | D:4      | Reached skill level 1 in Air Magic
  4330 | D:4      | Reached skill level 6 in Stealth
  4330 | D:4      | Reached XP level 6. HP: 22/37 MP: 5/11
  4838 | D:4      | Reached skill level 1 in Fighting
  5078 | D:4      | Found Soxuxo's Distillery.
  5327 | D:5      | Entered Level 5 of the Dungeon
  5425 | D:5      | Reached skill level 7 in Stealth
  5425 | D:5      | Reached XP level 7. HP: 24/43 MP: 13/13
  5473 | D:5      | Found Tinops's Book Shoppe.
  5892 | D:5      | Shot with an arrow by a centaur

Illustrated notes

Levels and vault maps discovered:
D:1:      minmay_arrival_floating_metal, layout_loops_ring, serial_rivers,
          chequers_serial_rivers_marsh, chequers_serial_rivers_small_b,
          chequers_serial_rivers_micro_b, chequers_serial_rivers_micro_c,
          minmay_tetromino_o4
D:2:      layout_rooms, fedhas_altar_3, lemuel_crystal_altar, zin_angel,
          grunt_ministairs_2
D:3:      layout_basic, uniq_ijyb
D:4:      layout_loops_corners, kennysheep_little_box, serial_shops,
          nicolae_shop_waterfront
D:5:      layout_rooms, pdpol_wu_jian_five_deadly_venoms, serial_shops,
          nicolae_shop_statue_plus, uniq_duvessa

Skill      XL: |  1  2  3  4  5  6  7 |
---------------+----------------------+-----
Stealth        | 3 4 5 6 7 |  7.5
Summonings     | 2 |  2.0
Conjurations   | 2 |  2.0
Air Magic      | 1 2 3 |  3.2
Spellcasting   | 4 |  4.3
Fighting       | 1 2 |  2.0
Dodging        | |  2.0
Translocations | |  1.0

Action                   |  1- 3 |  4- 6 |  7- 9 || total
-------------------------+-------+-------+-------++-------
Melee: Dagger            |    54 |   146 |    37 ||   237
       Tentacles         |    11 |    36 |    13 ||    60
       Constrict         |    15 |    33 |    11 ||    59
 Cast: Magic Dart        |    65 |   128 |    17 ||   210
       Mephitic Cloud    |       |     1 |       ||     1
  Use: Scroll            |     1 |     9 |       ||    10
       Potion            |       |     3 |     1 ||     4
 Stab: Sleeping          |       |     1 |       ||     1
Armor: Skin              |     4 |    20 |    10 ||    34
Dodge: Dodged            |    46 |    90 |    10 ||   146
